Wild vs Islanders

Created - Wednesday, March 25, 2015 at 01:48

Goals
1 2 3 T
Wild 1 1 4 6
Islanders 4 2 2 8
Shots
1 2 3 T
Wild 11 15 13 39
Islanders 22 4 11 37

1st period

1. Islanders , Kyle Quincey 11 (Brandon Bollig, Tyler Ennis) at 2:05 (PP)
2. Islanders , Tyler Ennis 19 (Jake Muzzin) at 4:04
3. Islanders , Tyler Ennis 20 (Erik Karlsson, Dustin Brown) at 5:49
4. Wild , Maxime Talbot 11 (Adam Hall) at 7:03 (SH)
5. Islanders , Kyle Quincey 12 (Erik Karlsson, David Krejci) at 13:12 (PP)

Penalties :
Tuomo Ruutu (Min) for Cross-checking (Minor) at 1:51, Cody Franson (Min) for Tripping (Minor) at 6:36, Bryce Salvador (Min) for Unsportsmanlike conduct (Major / Game Misconduct) at 13:00, David Krejci (NYI) for Boarding (Minor) at 16:28

2nd period

6. Islanders , Erik Karlsson 41 (Marcel Goc, David Krejci) at 10:50 (PP)
7. Wild , Jordan Eberle 36 (Cody Franson) at 12:50
8. Islanders , David Krejci 19 (Carl Hagelin) at 18:21

Penalties :
Cody McLeod (NYI) for Holding (Minor) at 5:23, Cody Franson (Min) for Roughing (Minor) at 10:23, Travis Hamonic (NYI) for Roughing (Minor) at 18:42

3rd period

9. Wild , Jordan Eberle 37 (Adam Hall) at 0:27 (PP)
10. Wild , Thomas Vanek 51 (Cody Franson) at 1:02
11. Islanders , Olli Maatta 3 (Marcel Goc, Erik Karlsson) at 5:05
12. Islanders , Craig Adams 2 (Brandon Bollig, Travis Hamonic) at 8:59 (SH)
13. Wild , Marek Zidlicky 13 (Jason Zucker, Jerred Smithson) at 13:10
14. Wild , Jordan Eberle 38 (Jason Chimera) at 13:45

Penalties :
Kyle Quincey (NYI) for Holding (Minor) at 5:30, Dustin Brown (NYI) for Hooking (Minor) at 8:25

Goalie Stats

Antti Niemi (Min), 12 saves from 16 shots - (0.750), L, 39-15-5, 35:47 minutes
Niklas Backstrom (Min), 17 saves from 21 shots - (0.810), 24:13 minutes
Braden Holtby (NYI), 33 saves from 39 shots - (0.846), W, 28-30-3, 60:00 minutes

Players Stats for Wild

Player Name              G  A  P  +/- PIM S  H  SB GA TA FO     MP     PP MP  PK MP  
------------------------------------------------------------------------------------
Adam Hall                0  2  2   1  0   1  0  0  1  0  10/12  17:45   4:07   4:19 
Alexandre Burrows        0  0  0   0  0   2  1  0  1  1  5/16   16:45   0:00   1:25 
Brad Marchand            0  0  0  -1  0   5  2  0  3  0  1/1    14:36   4:03   0:24 
Bryce Salvador           0  0  0   0  15  2  0  0  0  0  0/0     4:34   0:00   1:28 
Chris Neil               0  0  0   0  0   1  2  0  1  0  0/1     8:41   0:00   0:00 
Cody Franson             0  2  2   3  4   1  1  4  0  2  0/0    23:06   3:05   1:58 
Dan Boyle                0  0  0   2  0   0  1  1  0  0  0/0    26:45   3:07   0:51 
Daniel Alfredsson        0  0  0  -1  0   2  0  0  4  0  0/0    16:59   4:01   0:00 
Jason Chimera            0  1  1   0  0   3  4  0  1  0  0/2    13:07   0:02   0:24 
Jason Zucker             0  1  1   0  0   0  0  1  2  0  0/0     8:41   0:00   0:00 
Jerred Smithson          0  1  1   0  0   1  1  0  0  0  3/5    11:33   0:00   1:25 
Jordan Eberle            3  0  3   0  0   5  0  0  1  0  0/0    15:39   4:07   0:00 
Luke Schenn              0  0  0  -3  0   6  2  1  0  2  0/0    22:51   5:03   2:11 
Marek Zidlicky           1  0  1  -1  0   1  7  0  1  2  0/0    23:34   5:05   2:09 
Mark Streit              0  0  0  -1  0   2  0  0  0  2  0/0    21:10   0:00   3:39 
Maxime Talbot            1  0  1   0  0   3  1  1  0  1  9/21   19:34   4:01   4:19 
Thomas Vanek             1  0  1   0  0   3  0  0  3  0  1/2    18:01   4:09   0:00 
Tuomo Ruutu              0  0  0   0  2   1  4  0  0  0  0/0     8:56   0:00   0:00 

Players Stats for Islanders

Player Name              G  A  P  +/- PIM S  H  SB GA TA FO     MP     PP MP  PK MP  
------------------------------------------------------------------------------------
Alexander Khokhlachev    0  0  0   0  0   2  1  0  0  0  2/3     7:42   0:00   0:00 
Brandon Bollig           0  2  2   1  0   2  2  0  1  0  3/16   22:39   2:40   6:26 
Carl Hagelin             0  1  1  -1  0   1  1  0  1  0  0/1    15:31   3:28   0:00 
Cody McLeod              0  0  0   0  2   1  0  0  2  1  0/1    10:27   0:00   0:00 
Colton Sceviour          0  0  0   0  0   0  2  0  0  0  0/1     7:42   0:00   0:00 
Craig Adams              1  0  1   1  0   2  1  0  0  1  0/0    14:41   0:00   6:50 
David Krejci             1  2  3  -1  2   1  0  0  6  0  11/15  17:37   3:27   1:18 
Dustin Brown             0  1  1   0  2   0  0  0  3  0  1/2    16:49   2:40   0:18 
Erik Karlsson            1  3  4  -3  0   11 2  1  1  2  0/0    25:43   4:00   5:00 
Jake Muzzin              0  1  1   1  0   1  3  1  0  1  0/0    13:07   0:00   0:00 
Kyle Quincey             2  0  2   0  2   2  0  5  0  2  0/0    21:27   4:00   2:49 
Lauri Korpikoski         0  0  0   0  0   2  1  0  0  0  1/1    12:51   0:00   0:00 
Marcel Goc               0  2  2  -1  0   4  1  0  3  0  5/8    16:10   3:28   1:28 
Matt Martin              0  0  0   0  0   1  2  0  0  0  1/1    10:25   0:00   0:00 
Olli Maatta              1  0  1  -2  0   1  1  1  1  1  0/0    19:28   2:08   0:05 
Rob Scuderi              0  0  0   2  0   1  1  5  1  1  0/0    18:59   0:00   4:27 
Travis Hamonic           0  1  1   2  2   2  3  1  0  2  0/0    21:58   2:08   3:59 
Tyler Ennis              2  1  3   0  0   3  0  0  2  0  7/11   16:58   2:40   0:00 

3 Stars

1 - Jordan Eberle (Min)
2 - Tyler Ennis (NYI)
3 - Erik Karlsson (NYI)

Power Play

Wild - 1 on 5 Attempt(s) - 20.00%
Islanders - 3 on 5 Attempt(s) - 60.00%

Penalty Kill

Wild - 2 on 5 Attempt(s) - 40.00% - Score 1 goal in Penalty Kill
Islanders - 4 on 5 Attempt(s) - 80.00% - Score 1 goal in Penalty Kill

Team Stat

Wild - Hits : 26 - Faceoff Wins : 29 - Blocked Shots : 8 - Penalty Minutes : 21
Islanders - Hits : 21 - Faceoff Wins : 31 - Blocked Shots : 14 - Penalty Minutes : 10

Official

Referees : Unknown
Linesman : Unknown

Game Notes

6:51 of 1st period - Islanders goal is going for a video replay. After video review, No Goal. The net was displaced accidentally.
Bryce Salvador ejected from game at 13:00 of 1st period
Antti Niemi enters game at 13:12 of 1st period
Niklas Backstrom enters game at 8:59 of 3rd period
Jordan Eberle has scored a Hat Trick!

Finance

Level 1 -- Attendance: 4401 (73.35%) -- Ticket Income $440,100
Level 2 -- Attendance: 3541 (70.82%) -- Ticket Income $230,165
Level 3 -- Attendance: 1220 (61.00%) -- Ticket Income $54,900
Level 4 -- Attendance: 2440 (61.00%) -- Ticket Income $73,200
Luxury Box -- Attendance: 762 (76.20%) -- Ticket Income $152,400
Game was played at the Nassau Coliseum'
Total Attendance: 12364 (68.69%)
Total Ticket Income: $950,765
Other Income: $465,875
Total Income: $1,416,640

Wild

5 vs 5 Forward 
   Center                   Left Wing                Right Wing               Time % Phy DF OF 
 1 Alexandre Burrows        Thomas Vanek             Daniel Alfredsson        35     1   2  2  
 2 Maxime Talbot            Jason Chimera            Jordan Eberle            30     1   2  2  
 3 Adam Hall                Brad Marchand            Tuomo Ruutu              22     1   2  2  
 4 Jerred Smithson          Jason Zucker             Chris Neil               13     1   2  2  

5 vs 5 Defense 
   Defense                  Defense                                           Time % Phy DF OF 
 1 Cody Franson             Dan Boyle                                         35     1   2  2  
 2 Bryce Salvador           Marek Zidlicky                                    30     1   2  2  
 3 Mark Streit              Luke Schenn                                       22     1   2  2  
 4 Cody Franson             Dan Boyle                                         13     1   2  2  

PowerPlay Forward 
   Center                   Left Wing                Right Wing               Time % Phy DF OF 
 1 Adam Hall                Thomas Vanek             Jordan Eberle            60     1   2  2  
 2 Maxime Talbot            Brad Marchand            Daniel Alfredsson        40     1   2  2  

PowerPlay Defense
   Defense                  Defense                                           Time % Phy DF OF 
 1 Marek Zidlicky           Luke Schenn                                       60     1   2  2  
 2 Dan Boyle                Cody Franson                                      40     1   2  2  

Penalty Kill 4 Players Forward 
   Center                   Wing                     Time % Phy DF OF 
 1 Maxime Talbot            Adam Hall                60     1   2  2  
 2 Jerred Smithson          Alexandre Burrows        40     1   2  2  

Penalty Kill 4 Players Defense
   Defense                  Defense                  Time % Phy DF OF 
 1 Bryce Salvador           Mark Streit              60     1   2  2  
 2 Luke Schenn              Cody Franson             40     1   2  2  

Penalty Kill - 3 Players Forward 
   Forward                                           Time % Phy DF OF 
 1 Adam Hall                                         60     1   2  2  
 2 Maxime Talbot                                     40     1   2  2  

Penalty Kill - 3 Players Defense
   Defense                  Defense                  Time % Phy DF OF 
 1 Bryce Salvador           Mark Streit              60     1   2  2  
 2 Luke Schenn              Cody Franson             40     1   2  2  

4 vs 4 Forward 
   Center                   Wing                     Time % Phy DF OF 
 1 Alexandre Burrows        Jason Chimera            60     1   2  2  
 2 Maxime Talbot            Tuomo Ruutu              40     1   2  2  

4 vs 4 Defense
   Defense                  Defense                  Time % Phy DF OF 
 1 Cody Franson             Mark Streit              60     1   2  2  
 2 Dan Boyle                Marek Zidlicky           40     1   2  2  

Last Minutes Offensive
   Center                   Left Wing                Right Wing               Defense                  Defense                  
   Adam Hall                Thomas Vanek             Jordan Eberle            Luke Schenn              Dan Boyle                

Last Minutes Defensive
   Center                   Left Wing                Right Wing               Defense                  Defense                  
   Jerred Smithson          Adam Hall                Maxime Talbot            Bryce Salvador           Mark Streit              

Goaltenders
Starting : Niklas Backstrom         
Backup : Antti Niemi              

Extra Forwards
Normal : Brad Marchand, Thomas Vanek, Daniel Alfredsson - PP : Jason Chimera, Alexandre Burrows - PK : Brad Marchand
Extra Defensemen
Normal : Marek Zidlicky, Dan Boyle, Cody Franson - PP : Bryce Salvador - PK : Marek Zidlicky, Dan Boyle
Penalty Shots
Jordan Eberle, Tuomo Ruutu, Alexandre Burrows, Thomas Vanek, Daniel Alfredsson

Islanders

5 vs 5 Forward 
   Center                   Left Wing                Right Wing               Time % Phy DF OF 
 1 David Krejci             Brandon Bollig           Carl Hagelin             34     1   1  3  
 2 Tyler Ennis              Dustin Brown             Lauri Korpikoski         31     1   1  3  
 3 Marcel Goc               Matt Martin              Cody McLeod              20     1   2  2  
 4 Alexander Khokhlachev    Craig Adams              Colton Sceviour          15     1   2  2  

5 vs 5 Defense 
   Defense                  Defense                                           Time % Phy DF OF 
 1 Erik Karlsson            Olli Maatta                                       37     1   3  1  
 2 Travis Hamonic           Kyle Quincey                                      32     1   3  1  
 3 Jake Muzzin              Rob Scuderi                                       28     1   3  1  
 4 Olli Maatta              Erik Karlsson                                     3      1   3  1  

PowerPlay Forward 
   Center                   Left Wing                Right Wing               Time % Phy DF OF 
 1 Brandon Bollig           Dustin Brown             Tyler Ennis              60     1   2  2  
 2 David Krejci             Carl Hagelin             Marcel Goc               40     1   2  2  

PowerPlay Defense
   Defense                  Defense                                           Time % Phy DF OF 
 1 Erik Karlsson            Kyle Quincey                                      60     1   2  2  
 2 Travis Hamonic           Olli Maatta                                       40     1   2  2  

Penalty Kill 4 Players Forward 
   Center                   Wing                     Time % Phy DF OF 
 1 Brandon Bollig           Craig Adams              60     1   2  2  
 2 Marcel Goc               David Krejci             40     1   2  2  

Penalty Kill 4 Players Defense
   Defense                  Defense                  Time % Phy DF OF 
 1 Travis Hamonic           Rob Scuderi              60     1   2  2  
 2 Kyle Quincey             Erik Karlsson            40     1   2  2  

Penalty Kill - 3 Players Forward 
   Forward                                           Time % Phy DF OF 
 1 Dustin Brown                                      60     1   2  2  
 2 Marcel Goc                                        40     1   2  2  

Penalty Kill - 3 Players Defense
   Defense                  Defense                  Time % Phy DF OF 
 1 Travis Hamonic           Rob Scuderi              60     1   2  2  
 2 Kyle Quincey             Erik Karlsson            40     1   2  2  

4 vs 4 Forward 
   Center                   Wing                     Time % Phy DF OF 
 1 Brandon Bollig           Tyler Ennis              60     1   2  2  
 2 David Krejci             Dustin Brown             40     1   2  2  

4 vs 4 Defense
   Defense                  Defense                  Time % Phy DF OF 
 1 Erik Karlsson            Olli Maatta              60     1   2  2  
 2 Travis Hamonic           Kyle Quincey             40     1   2  2  

Last Minutes Offensive
   Center                   Left Wing                Right Wing               Defense                  Defense                  
   David Krejci             Dustin Brown             Brandon Bollig           Erik Karlsson            Olli Maatta              

Last Minutes Defensive
   Center                   Left Wing                Right Wing               Defense                  Defense                  
   Marcel Goc               Lauri Korpikoski         Craig Adams              Travis Hamonic           Olli Maatta              

Goaltenders
Starting : Braden Holtby            
Backup : Andrew Hammond           

Extra Forwards
Normal : Brandon Bollig, Dustin Brown, David Krejci - PP : Brandon Bollig, Dustin Brown - PK : Brandon Bollig
Extra Defensemen
Normal : Kyle Quincey, Travis Hamonic, Erik Karlsson - PP : Erik Karlsson - PK : Erik Karlsson, Travis Hamonic
Penalty Shots
Brandon Bollig, Dustin Brown, Tyler Ennis, Kyle Quincey, David Krejci

% Time on Ice - Wild

Lines # - Real PCT - Wanted PCT - Time Play
Normal Forward
1 - 30% - 35% - 13:16
2 - 30% - 30% - 13:17
3 - 20% - 22% - 8:57
4 - 20% - 13% - 8:41
Normal Defense
1 - 32% - 35% - 14:11
2 - 37% - 30% - 16:27
3 - 27% - 22% - 11:52
4 - 4% - 13% - 1:41
PP Forward
1 - 51% - 60% - 4:09
2 - 49% - 40% - 4:01
PP Defense
1 - 62% - 60% - 5:03
2 - 38% - 40% - 3:07
PK Forward
1 - 77% - 60% - 4:43
2 - 23% - 40% - 1:25
PK Defense
1 - 64% - 60% - 3:57
2 - 36% - 40% - 2:11
PK3 Forward
1 - 0% - 60%
2 - 0% - 40%
PK3 Defense
1 - 0% - 60%
2 - 0% - 40%
44 Forward
1 - 100% - 60% - 1:31
2 - 0% - 40% - 0:00
44 Defense
1 - 23% - 60% - 0:21
2 - 77% - 40% - 1:10
Last Minute Offensive  - 0:00
Last Minute Defensive  - 0:00
Total
Forward - 60:00
Defense - 60:00

% Time on Ice - Islanders

Lines # - Real PCT - Wanted PCT - Time Play
Normal Forward
1 - 28% - 34% - 12:29
2 - 31% - 31% - 13:35
3 - 24% - 20% - 10:25
4 - 17% - 15% - 7:42
Normal Defense
1 - 38% - 37% - 16:38
2 - 33% - 32% - 14:26
3 - 30% - 28% - 13:07
4 - 0% - 3% - 0:00
PP Forward
1 - 43% - 60% - 2:40
2 - 57% - 40% - 3:28
PP Defense
1 - 65% - 60% - 4:00
2 - 35% - 40% - 2:08
PK Forward
1 - 87% - 60% - 7:08
2 - 13% - 40% - 1:02
PK Defense
1 - 54% - 60% - 4:27
2 - 46% - 40% - 3:43
PK3 Forward
1 - 0% - 60%
2 - 0% - 40%
PK3 Defense
1 - 0% - 60%
2 - 0% - 40%
44 Forward
1 - 100% - 60% - 1:31
2 - 0% - 40% - 0:00
44 Defense
1 - 47% - 60% - 0:43
2 - 53% - 40% - 0:48
Last Minute Offensive  - 0:00
Last Minute Defensive  - 0:00
Total
Forward - 60:00
Defense - 60:00

Play by Play

1st period


0:01 of 1st period - David Krejci wins face-off versus Alexandre Burrows in neutral zone.
0:24 of 1st period - Slapshot by Erik Karlsson.
0:24 of 1st period - Deflect By Carl Hagelin.
0:24 of 1st period - Shot Misses the Net.
0:24 of 1st period - Puck is out of play.
0:25 of 1st period - Tyler Ennis wins face-off versus Jason Chimera in Wild zone.
0:26 of 1st period - Wrist shot by Dustin Brown.
0:26 of 1st period - Shot Misses the Net.
0:40 of 1st period - Snap shot by Jason Chimera.
0:40 of 1st period - Stopped by Braden Holtby with a rebound.
0:42 of 1st period - Slapshot by Bryce Salvador.
0:42 of 1st period - Stopped by Braden Holtby with a rebound.
0:44 of 1st period - Slapshot by Marek Zidlicky.
0:44 of 1st period - Shot Hit the Post.
0:46 of 1st period - Snap shot by Bryce Salvador.
0:46 of 1st period - Shot Misses the Net.
0:48 of 1st period - Slapshot by Marek Zidlicky.
0:48 of 1st period - Shot Misses the Net.
0:52 of 1st period - Snap shot by Jordan Eberle.
0:52 of 1st period - Stopped by Braden Holtby with a rebound.
0:54 of 1st period - Slapshot by Bryce Salvador.
0:54 of 1st period - Shot Blocked by Kyle Quincey.
0:56 of 1st period - Slapshot by Bryce Salvador.
0:56 of 1st period - Stopped by Braden Holtby with a rebound.
1:00 of 1st period - Wrist shot by Jason Chimera.
1:00 of 1st period - Stopped by Braden Holtby with a rebound.
1:14 of 1st period - Adam Hall is hit by Matt Martin and loses puck.
1:51 of 1st period - Minor Penalty to Tuomo Ruutu for Cross-checking.
1:52 of 1st period - Dustin Brown wins face-off versus Adam Hall in Wild zone.
2:01 of 1st period - Snap shot by Tyler Ennis.
2:01 of 1st period - Shot Misses the Net.
2:03 of 1st period - Wrist shot by Brandon Bollig.
2:03 of 1st period - Stopped by Niklas Backstrom with a rebound.
2:05 of 1st period - Slapshot by Kyle Quincey.
2:05 of 1st period - Goal by Kyle Quincey - Wild : 0 - Islanders : 1.
2:06 of 1st period - Alexandre Burrows wins face-off versus David Krejci in neutral zone.
2:22 of 1st period - Slapshot by Erik Karlsson.
2:22 of 1st period - Stopped by Niklas Backstrom without a rebound.
2:23 of 1st period - David Krejci wins face-off versus Alexandre Burrows in Wild zone.
3:14 of 1st period - Mark Streit is hit by Erik Karlsson and loses puck.
3:48 of 1st period - Kyle Quincey is hit by Jason Chimera and loses puck.
3:57 of 1st period - Mark Streit is hit by Jake Muzzin and loses puck.
4:04 of 1st period - Snap shot by Tyler Ennis.
4:04 of 1st period - Goal by Tyler Ennis - Wild : 0 - Islanders : 2.
4:05 of 1st period - Marcel Goc wins face-off versus Alexandre Burrows in neutral zone.
4:41 of 1st period - Slapshot by Matt Martin.
4:41 of 1st period - Shot Misses the Net.
4:57 of 1st period - Dan Boyle is hit by Travis Hamonic and loses puck.
5:04 of 1st period - Travis Hamonic is hit by Tuomo Ruutu and loses puck.
5:49 of 1st period - Wrist shot by Tyler Ennis.
5:49 of 1st period - Goal by Tyler Ennis - Wild : 0 - Islanders : 3.
5:50 of 1st period - Tyler Ennis wins face-off versus Maxime Talbot in neutral zone.
5:53 of 1st period - Wrist shot by Lauri Korpikoski.
5:53 of 1st period - Stopped by Niklas Backstrom with a rebound.
5:59 of 1st period - Snap shot by Lauri Korpikoski.
5:59 of 1st period - Stopped by Niklas Backstrom with a rebound.
6:01 of 1st period - Snap shot by Dustin Brown.
6:01 of 1st period - Deflect By Tyler Ennis.
6:01 of 1st period - Shot Misses the Net.
6:01 of 1st period - Puck is out of play.
6:02 of 1st period - Tyler Ennis wins face-off versus Jason Chimera in Wild zone.
6:23 of 1st period - Slapshot by Tyler Ennis.
6:23 of 1st period - Shot Blocked by Cody Franson.
6:25 of 1st period - Snap shot by Jake Muzzin.
6:25 of 1st period - Shot Misses the Net.
6:27 of 1st period - Wrist shot by Lauri Korpikoski.
6:27 of 1st period - Shot Misses the Net.
6:29 of 1st period - Snap shot by Dustin Brown.
6:29 of 1st period - Shot Blocked by Cody Franson.
6:31 of 1st period - Slapshot by Jake Muzzin.
6:31 of 1st period - Shot Misses the Net.
6:36 of 1st period - Minor Penalty to Cody Franson for Tripping.
6:37 of 1st period - David Krejci wins face-off versus Maxime Talbot in Wild zone.
6:37 of 1st period - Wrist shot by Erik Karlsson.
6:37 of 1st period - Stopped by Niklas Backstrom with a rebound.
6:47 of 1st period - Slapshot by Erik Karlsson.
6:47 of 1st period - Stopped by Niklas Backstrom with a rebound.
6:49 of 1st period - Snap shot by Marcel Goc.
6:49 of 1st period - Shot Misses the Net.
6:51 of 1st period - Slapshot by Marcel Goc.
6:51 of 1st period - Islanders goal is going for a video replay.
6:51 of 1st period - The goal is refused. The net was displaced accidentally..
6:52 of 1st period - Maxime Talbot wins face-off versus Marcel Goc in Wild zone.
7:03 of 1st period - Snap shot by Maxime Talbot.
7:03 of 1st period - Goal by Maxime Talbot - Wild : 1 - Islanders : 3.
7:04 of 1st period - Maxime Talbot wins face-off versus Brandon Bollig in neutral zone.
7:06 of 1st period - Off-side.
7:07 of 1st period - Brandon Bollig wins face-off versus Maxime Talbot in neutral zone.
7:10 of 1st period - Backhand shot by Erik Karlsson.
7:10 of 1st period - Deflect By Dustin Brown.
7:10 of 1st period - Shot Misses the Net.
7:10 of 1st period - Puck is out of play.
7:11 of 1st period - Maxime Talbot wins face-off versus Brandon Bollig in Wild zone.
7:56 of 1st period - Kyle Quincey is hit by Jerred Smithson and loses puck.
8:18 of 1st period - Maxime Talbot is hit by Carl Hagelin and loses puck.
8:25 of 1st period - Snap shot by Carl Hagelin.
8:25 of 1st period - Shot Misses the Net.
8:27 of 1st period - Wrist shot by Olli Maatta.
8:27 of 1st period - Shot Misses the Net.
8:36 of 1st period - Penalty to Cody Franson is over, Cody Franson is back on ice.
9:11 of 1st period - Slapshot by Travis Hamonic.
9:11 of 1st period - Stopped by Niklas Backstrom with a rebound.
9:55 of 1st period - Snap shot by Matt Martin.
9:55 of 1st period - Stopped by Niklas Backstrom with a rebound.
9:57 of 1st period - Backhand shot by Rob Scuderi.
9:57 of 1st period - Stopped by Niklas Backstrom with a rebound.
10:05 of 1st period - Luke Schenn is hit by Matt Martin and loses puck.
10:22 of 1st period - Slapshot by Erik Karlsson.
10:22 of 1st period - Stopped by Niklas Backstrom with a rebound.
10:24 of 1st period - Snap shot by David Krejci.
10:24 of 1st period - Shot Misses the Net.
10:26 of 1st period - Slapshot by Erik Karlsson.
10:26 of 1st period - Shot Blocked by Cody Franson.
10:47 of 1st period - Lauri Korpikoski is hit by Marek Zidlicky.
10:55 of 1st period - Kyle Quincey is hit by Tuomo Ruutu and loses puck.
11:26 of 1st period - Jordan Eberle is hit by Colton Sceviour.
11:30 of 1st period - Snap shot by Dan Boyle.
11:30 of 1st period - Shot Blocked by Travis Hamonic.
12:19 of 1st period - Slapshot by Mark Streit.
12:19 of 1st period - Stopped by Braden Holtby with a rebound.
12:21 of 1st period - Slapshot by Daniel Alfredsson.
12:21 of 1st period - Shot Misses the Net.
12:47 of 1st period - Tyler Ennis is hit by Chris Neil and loses puck.
13:00 of 1st period - Major / Game Misconduct Penalty to Bryce Salvador for Unsportsmanlike conduct.
13:00 of 1st period - Bryce Salvador is ejected from game.
13:01 of 1st period - David Krejci wins face-off versus Maxime Talbot in Wild zone.
13:06 of 1st period - Slapshot by Erik Karlsson.
13:06 of 1st period - Stopped by Niklas Backstrom without a rebound.
13:07 of 1st period - David Krejci wins face-off versus Maxime Talbot in Wild zone.
13:08 of 1st period - Backhand shot by Erik Karlsson.
13:08 of 1st period - Shot Misses the Net.
13:10 of 1st period - Slapshot by Kyle Quincey.
13:10 of 1st period - Shot Blocked by Maxime Talbot.
13:12 of 1st period - Slapshot by Kyle Quincey.
13:12 of 1st period - Goal by Kyle Quincey - Wild : 1 - Islanders : 4.
13:12 of 1st period - Antti Niemi enters game.
13:13 of 1st period - Maxime Talbot wins face-off versus Brandon Bollig in neutral zone.
13:30 of 1st period - Wrist shot by Maxime Talbot.
13:30 of 1st period - Stopped by Braden Holtby with a rebound.
13:41 of 1st period - Travis Hamonic is hit by Maxime Talbot and loses puck.
14:04 of 1st period - Slapshot by Travis Hamonic.
14:04 of 1st period - Stopped by Antti Niemi with a rebound.
15:00 of 1st period - Luke Schenn is hit by Erik Karlsson and loses puck.
15:49 of 1st period - Icing by Kyle Quincey.
15:50 of 1st period - Tyler Ennis wins face-off versus Alexandre Burrows in Islanders zone.
16:08 of 1st period - Olli Maatta is hit by Jason Chimera and loses puck.
16:16 of 1st period - Snap shot by Jason Chimera.
16:16 of 1st period - Shot Blocked by Olli Maatta.
16:18 of 1st period - Wrist shot by Brad Marchand.
16:18 of 1st period - Stopped by Braden Holtby with a rebound.
16:28 of 1st period - Minor Penalty to David Krejci for Boarding.
16:29 of 1st period - Alexandre Burrows wins face-off versus Brandon Bollig in Islanders zone.
16:34 of 1st period - Backhand shot by Alexandre Burrows.
16:34 of 1st period - Shot Misses the Net.
16:40 of 1st period - Slapshot by Tyler Ennis.
16:40 of 1st period - Stopped by Antti Niemi with a rebound.
16:42 of 1st period - Slapshot by Erik Karlsson.
16:42 of 1st period - Shot Blocked by Dan Boyle.
17:09 of 1st period - Slapshot by Mark Streit.
17:09 of 1st period - Stopped by Braden Holtby with a rebound.
17:11 of 1st period - Snap shot by Alexandre Burrows.
17:11 of 1st period - Stopped by Braden Holtby without a rebound.
17:12 of 1st period - Brandon Bollig wins face-off versus Alexandre Burrows in Islanders zone.
17:45 of 1st period - Kyle Quincey is hit by Jason Chimera and loses puck.
18:00 of 1st period - Penalty to Bryce Salvador is over, Thomas Vanek is send on ice.
18:12 of 1st period - Adam Hall is hit by Marcel Goc and loses puck.
18:28 of 1st period - Penalty to David Krejci is over, David Krejci is back on ice.
18:32 of 1st period - Off-side.
18:33 of 1st period - Alexander Khokhlachev wins face-off versus Jerred Smithson in neutral zone.
18:36 of 1st period - Slapshot by Jake Muzzin.
18:36 of 1st period - Shot Blocked by Jason Zucker.
18:38 of 1st period - Snap shot by Alexander Khokhlachev.
18:38 of 1st period - Stopped by Antti Niemi with a rebound.
18:40 of 1st period - Slapshot by Jake Muzzin.
18:40 of 1st period - Shot Misses the Net.
18:46 of 1st period - Wrist shot by Alexander Khokhlachev.
18:46 of 1st period - Shot Misses the Net.
18:48 of 1st period - Wrist shot by Jake Muzzin.
18:48 of 1st period - Stopped by Antti Niemi with a rebound.
19:17 of 1st period - Slapshot by Erik Karlsson.
19:17 of 1st period - Shot Misses the Net.
19:25 of 1st period - Snap shot by Erik Karlsson.
19:25 of 1st period - Shot Misses the Net.
19:27 of 1st period - Wrist shot by Marcel Goc.
19:27 of 1st period - Stopped by Antti Niemi with a rebound.
19:29 of 1st period - Snap shot by Cody McLeod.
19:29 of 1st period - Stopped by Antti Niemi with a rebound.
Goals for this period are 1 for Wild vs 4 for Islanders.
Shots for this period are 11 for Wild vs 22 for Islanders.

2nd period


0:01 of 2nd period - Tyler Ennis wins face-off versus Alexandre Burrows in neutral zone.
0:20 of 2nd period - Snap shot by Thomas Vanek.
0:20 of 2nd period - Shot Misses the Net.
0:36 of 2nd period - Slapshot by Erik Karlsson.
0:36 of 2nd period - Deflect By Dan Boyle.
0:36 of 2nd period - Stopped by Antti Niemi without a rebound.
0:37 of 2nd period - Adam Hall wins face-off versus David Krejci in Wild zone.
1:05 of 2nd period - Wrist shot by Brad Marchand.
1:05 of 2nd period - Stopped by Braden Holtby with a rebound.
1:27 of 2nd period - Mark Streit is hit by Travis Hamonic.
1:46 of 2nd period - Snap shot by Erik Karlsson.
1:46 of 2nd period - Shot Blocked by Luke Schenn.
1:48 of 2nd period - Slapshot by Erik Karlsson.
1:48 of 2nd period - Shot Misses the Net.
1:50 of 2nd period - Slapshot by Erik Karlsson.
1:50 of 2nd period - Shot Misses the Net.
2:51 of 2nd period - Alexandre Burrows is hit by Craig Adams and loses puck.
4:23 of 2nd period - Off-side.
4:24 of 2nd period - Marcel Goc wins face-off versus Maxime Talbot in neutral zone.
4:35 of 2nd period - Slapshot by Marcel Goc.
4:35 of 2nd period - Shot Misses the Net.
4:41 of 2nd period - Rob Scuderi is hit by Marek Zidlicky and loses puck.
5:23 of 2nd period - Minor Penalty to Cody McLeod for Holding.
5:24 of 2nd period - Adam Hall wins face-off versus Brandon Bollig in Islanders zone.
5:58 of 2nd period - Erik Karlsson is hit by Brad Marchand and loses puck.
6:03 of 2nd period - Slapshot by Daniel Alfredsson.
6:03 of 2nd period - Shot Misses the Net.
6:05 of 2nd period - Wrist shot by Brad Marchand.
6:05 of 2nd period - Shot Blocked by Kyle Quincey.
6:07 of 2nd period - Slapshot by Cody Franson.
6:07 of 2nd period - Shot Blocked by Erik Karlsson.
6:09 of 2nd period - Snap shot by Cody Franson.
6:09 of 2nd period - Stopped by Braden Holtby without a rebound.
6:10 of 2nd period - Maxime Talbot wins face-off versus Brandon Bollig in Islanders zone.
6:33 of 2nd period - Backhand shot by Daniel Alfredsson.
6:33 of 2nd period - Stopped by Braden Holtby with a rebound.
7:23 of 2nd period - Penalty to Cody McLeod is over, Cody McLeod is back on ice.
7:48 of 2nd period - Slapshot by Dustin Brown.
7:48 of 2nd period - Shot Misses the Net.
7:59 of 2nd period - Erik Karlsson is hit by Luke Schenn and loses puck.
9:37 of 2nd period - Lauri Korpikoski is hit by Jason Chimera and loses puck.
10:00 of 2nd period - Icing by Chris Neil.
10:01 of 2nd period - Jerred Smithson wins face-off versus Colton Sceviour in Wild zone.
10:01 of 2nd period - Jerred Smithson is hit by Jake Muzzin.
10:23 of 2nd period - Minor Penalty to Cody Franson for Roughing.
10:24 of 2nd period - David Krejci wins face-off versus Maxime Talbot in Wild zone.
10:40 of 2nd period - Icing by Carl Hagelin.
10:41 of 2nd period - David Krejci wins face-off versus Maxime Talbot in Islanders zone.
10:50 of 2nd period - Slapshot by Erik Karlsson.
10:50 of 2nd period - Goal by Erik Karlsson - Wild : 1 - Islanders : 5.
10:51 of 2nd period - Alexandre Burrows wins face-off versus Dustin Brown in neutral zone.
11:28 of 2nd period - Snap shot by Erik Karlsson.
11:28 of 2nd period - Stopped by Antti Niemi without a rebound.
11:29 of 2nd period - Adam Hall wins face-off versus David Krejci in Wild zone.
11:36 of 2nd period - Slapshot by Luke Schenn.
11:36 of 2nd period - Stopped by Braden Holtby with a rebound.
11:38 of 2nd period - Backhand shot by Tuomo Ruutu.
11:38 of 2nd period - Stopped by Braden Holtby with a rebound.
11:40 of 2nd period - Slapshot by Luke Schenn.
11:40 of 2nd period - Stopped by Braden Holtby with a rebound.
11:42 of 2nd period - Slapshot by Luke Schenn.
11:42 of 2nd period - Stopped by Braden Holtby without a rebound.
11:43 of 2nd period - Adam Hall wins face-off versus David Krejci in Islanders zone.
11:48 of 2nd period - Slapshot by Brad Marchand.
11:48 of 2nd period - Shot Misses the Net.
11:50 of 2nd period - Snap shot by Tuomo Ruutu.
11:50 of 2nd period - Shot Misses the Net.
11:52 of 2nd period - Slapshot by Luke Schenn.
11:52 of 2nd period - Shot Blocked by Kyle Quincey.
11:54 of 2nd period - Slapshot by Luke Schenn.
11:54 of 2nd period - Deflect By David Krejci.
11:54 of 2nd period - Stopped by Braden Holtby with a rebound.
11:56 of 2nd period - Slapshot by Mark Streit.
11:56 of 2nd period - Shot Misses the Net.
11:58 of 2nd period - Wrist shot by Luke Schenn.
11:58 of 2nd period - Deflect By Travis Hamonic.
11:58 of 2nd period - Stopped by Braden Holtby with a rebound.
12:28 of 2nd period - Off-side.
12:29 of 2nd period - Matt Martin wins face-off versus Maxime Talbot in neutral zone.
12:50 of 2nd period - Snap shot by Jordan Eberle.
12:50 of 2nd period - Goal by Jordan Eberle - Wild : 2 - Islanders : 5.
12:51 of 2nd period - Alexandre Burrows wins face-off versus Tyler Ennis in neutral zone.
13:54 of 2nd period - Snap shot by Jason Chimera.
13:54 of 2nd period - Shot Misses the Net.
14:04 of 2nd period - Luke Schenn is hit by Brandon Bollig and loses puck.
14:37 of 2nd period - Slapshot by Tuomo Ruutu.
14:37 of 2nd period - Shot Misses the Net.
14:53 of 2nd period - Wrist shot by Brad Marchand.
14:53 of 2nd period - Stopped by Braden Holtby with a rebound.
14:55 of 2nd period - Slapshot by Brad Marchand.
14:55 of 2nd period - Shot Blocked by Kyle Quincey.
14:57 of 2nd period - Wrist shot by Adam Hall.
14:57 of 2nd period - Stopped by Braden Holtby without a rebound.
14:58 of 2nd period - Jerred Smithson wins face-off versus Marcel Goc in Islanders zone.
14:59 of 2nd period - Slapshot by Marek Zidlicky.
14:59 of 2nd period - Shot Blocked by Rob Scuderi.
15:01 of 2nd period - Backhand shot by Dan Boyle.
15:01 of 2nd period - Shot Misses the Net.
15:09 of 2nd period - Wrist shot by Jerred Smithson.
15:09 of 2nd period - Shot Blocked by Rob Scuderi.
15:11 of 2nd period - Wrist shot by Chris Neil.
15:11 of 2nd period - Stopped by Braden Holtby without a rebound.
15:12 of 2nd period - Jerred Smithson wins face-off versus Cody McLeod in Islanders zone.
15:23 of 2nd period - Slapshot by Cody McLeod.
15:23 of 2nd period - Shot Misses the Net.
15:38 of 2nd period - Slapshot by Luke Schenn.
15:38 of 2nd period - Shot Blocked by Rob Scuderi.
16:01 of 2nd period - Slapshot by Mark Streit.
16:01 of 2nd period - Shot Blocked by Jake Muzzin.
16:23 of 2nd period - Slapshot by Thomas Vanek.
16:23 of 2nd period - Stopped by Braden Holtby without a rebound.
16:24 of 2nd period - Maxime Talbot wins face-off versus Tyler Ennis in Islanders zone.
16:54 of 2nd period - Marek Zidlicky is hit by Lauri Korpikoski and loses puck.
17:27 of 2nd period - Adam Hall is hit by Alexander Khokhlachev and loses puck.
18:21 of 2nd period - Slapshot by David Krejci.
18:21 of 2nd period - Goal by David Krejci - Wild : 2 - Islanders : 6.
18:22 of 2nd period - Maxime Talbot wins face-off versus Tyler Ennis in neutral zone.
18:42 of 2nd period - Minor Penalty to Travis Hamonic for Roughing.
18:43 of 2nd period - Adam Hall wins face-off versus Brandon Bollig in Islanders zone.
18:52 of 2nd period - Wrist shot by Jordan Eberle.
18:52 of 2nd period - Deflect By Thomas Vanek.
18:52 of 2nd period - Stopped by Braden Holtby without a rebound.
18:53 of 2nd period - Adam Hall wins face-off versus Brandon Bollig in Islanders zone.
18:56 of 2nd period - Snap shot by Jordan Eberle.
18:56 of 2nd period - Shot Misses the Net.
19:10 of 2nd period - Slapshot by Marek Zidlicky.
19:10 of 2nd period - Deflect By Jordan Eberle.
19:10 of 2nd period - Shot Misses the Net.
19:10 of 2nd period - Puck is out of play.
19:11 of 2nd period - Brandon Bollig wins face-off versus Maxime Talbot in Islanders zone.
19:11 of 2nd period - Brandon Bollig is hit by Marek Zidlicky.
Goals for this period are 1 for Wild vs 2 for Islanders.
Shots for this period are 15 for Wild vs 4 for Islanders.

3rd period


0:01 of 3rd period - Thomas Vanek wins face-off versus Brandon Bollig in neutral zone.
0:15 of 3rd period - Off-side.
0:16 of 3rd period - Adam Hall wins face-off versus Brandon Bollig in neutral zone.
0:27 of 3rd period - Wrist shot by Jordan Eberle.
0:27 of 3rd period - Goal by Jordan Eberle - Wild : 3 - Islanders : 6.
0:28 of 3rd period - David Krejci wins face-off versus Alexandre Burrows in neutral zone.
0:33 of 3rd period - Slapshot by Erik Karlsson.
0:33 of 3rd period - Stopped by Antti Niemi with a rebound.
0:35 of 3rd period - Snap shot by Olli Maatta.
0:35 of 3rd period - Shot Misses the Net.
0:37 of 3rd period - Wrist shot by Carl Hagelin.
0:37 of 3rd period - Stopped by Antti Niemi without a rebound.
0:38 of 3rd period - David Krejci wins face-off versus Alexandre Burrows in Wild zone.
1:02 of 3rd period - Wrist shot by Thomas Vanek.
1:02 of 3rd period - Goal by Thomas Vanek - Wild : 4 - Islanders : 6.
1:03 of 3rd period - Tyler Ennis wins face-off versus Maxime Talbot in neutral zone.
1:55 of 3rd period - Erik Karlsson is hit by Alexandre Burrows and loses puck.
2:04 of 3rd period - Marek Zidlicky is hit by Olli Maatta and loses puck.
2:36 of 3rd period - Wrist shot by Marcel Goc.
2:36 of 3rd period - Shot Misses the Net.
2:58 of 3rd period - Slapshot by Matt Martin.
2:58 of 3rd period - Deflect By Alexandre Burrows.
2:58 of 3rd period - Shot Misses the Net.
2:58 of 3rd period - Puck is out of play.
2:59 of 3rd period - Alexander Khokhlachev wins face-off versus Adam Hall in Wild zone.
3:36 of 3rd period - Adam Hall is hit by Jake Muzzin and loses puck.
3:59 of 3rd period - Rob Scuderi is hit by Luke Schenn and loses puck.
4:14 of 3rd period - Snap shot by Jordan Eberle.
4:14 of 3rd period - Stopped by Braden Holtby without a rebound.
4:15 of 3rd period - David Krejci wins face-off versus Jerred Smithson in Islanders zone.
4:15 of 3rd period - David Krejci is hit by Marek Zidlicky.
4:20 of 3rd period - Erik Karlsson is hit by Marek Zidlicky and loses puck.
5:03 of 3rd period - Slapshot by Marcel Goc.
5:03 of 3rd period - Stopped by Antti Niemi with a rebound.
5:05 of 3rd period - Slapshot by Olli Maatta.
5:05 of 3rd period - Goal by Olli Maatta - Wild : 4 - Islanders : 7.
5:06 of 3rd period - Lauri Korpikoski wins face-off versus Alexandre Burrows in neutral zone.
5:30 of 3rd period - Minor Penalty to Kyle Quincey for Holding.
5:31 of 3rd period - Adam Hall wins face-off versus Brandon Bollig in Islanders zone.
6:31 of 3rd period - Slapshot by Dan Boyle.
6:31 of 3rd period - Shot Blocked by Rob Scuderi.
6:33 of 3rd period - Slapshot by Cody Franson.
6:33 of 3rd period - Shot Misses the Net.
6:35 of 3rd period - Snap shot by Maxime Talbot.
6:35 of 3rd period - Stopped by Braden Holtby without a rebound.
6:36 of 3rd period - Brad Marchand wins face-off versus Brandon Bollig in Islanders zone.
6:55 of 3rd period - Wrist shot by Daniel Alfredsson.
6:55 of 3rd period - Stopped by Braden Holtby without a rebound.
6:56 of 3rd period - Marcel Goc wins face-off versus Maxime Talbot in Islanders zone.
7:19 of 3rd period - Snap shot by Thomas Vanek.
7:19 of 3rd period - Shot Misses the Net.
7:30 of 3rd period - Penalty to Kyle Quincey is over, Kyle Quincey is back on ice.
7:38 of 3rd period - Erik Karlsson is hit by Marek Zidlicky and loses puck.
8:00 of 3rd period - Wrist shot by Chris Neil.
8:00 of 3rd period - Shot Misses the Net.
8:25 of 3rd period - Minor Penalty to Dustin Brown for Hooking.
8:26 of 3rd period - Maxime Talbot wins face-off versus Brandon Bollig in Islanders zone.
8:46 of 3rd period - Marek Zidlicky is hit by Rob Scuderi and loses puck.
8:57 of 3rd period - Snap shot by Brandon Bollig.
8:57 of 3rd period - Stopped by Antti Niemi with a rebound.
8:59 of 3rd period - Slapshot by Craig Adams.
8:59 of 3rd period - Goal by Craig Adams - Wild : 4 - Islanders : 8.
8:59 of 3rd period - Niklas Backstrom enters game.
9:00 of 3rd period - Adam Hall wins face-off versus Marcel Goc in neutral zone.
9:03 of 3rd period - Kyle Quincey is hit by Cody Franson and loses puck.
9:35 of 3rd period - Snap shot by Erik Karlsson.
9:35 of 3rd period - Stopped by Niklas Backstrom with a rebound.
9:37 of 3rd period - Wrist shot by Marcel Goc.
9:37 of 3rd period - Stopped by Niklas Backstrom with a rebound.
10:21 of 3rd period - Rob Scuderi is hit by Brad Marchand and loses puck.
10:25 of 3rd period - Penalty to Dustin Brown is over, Dustin Brown is back on ice.
10:36 of 3rd period - Cody Franson is hit by Travis Hamonic and loses puck.
10:43 of 3rd period - Tyler Ennis is hit by Chris Neil and loses puck.
11:44 of 3rd period - Snap shot by Jordan Eberle.
11:44 of 3rd period - Shot Misses the Net.
11:56 of 3rd period - Erik Karlsson is hit by Marek Zidlicky and loses puck.
12:07 of 3rd period - Snap shot by Erik Karlsson.
12:07 of 3rd period - Deflect By Marek Zidlicky.
12:07 of 3rd period - Stopped by Niklas Backstrom with a rebound.
12:27 of 3rd period - Snap shot by Brad Marchand.
12:27 of 3rd period - Shot Misses the Net.
12:29 of 3rd period - Snap shot by Brad Marchand.
12:29 of 3rd period - Stopped by Braden Holtby without a rebound.
12:30 of 3rd period - Adam Hall wins face-off versus Alexander Khokhlachev in Islanders zone.
12:41 of 3rd period - Slapshot by Brad Marchand.
12:41 of 3rd period - Stopped by Braden Holtby without a rebound.
12:42 of 3rd period - Tyler Ennis wins face-off versus Chris Neil in Islanders zone.
13:10 of 3rd period - Slapshot by Marek Zidlicky.
13:10 of 3rd period - Goal by Marek Zidlicky - Wild : 5 - Islanders : 8.
13:11 of 3rd period - Marcel Goc wins face-off versus Thomas Vanek in neutral zone.
13:13 of 3rd period - Kyle Quincey is hit by Dan Boyle and loses puck.
13:37 of 3rd period - Wrist shot by Alexandre Burrows.
13:37 of 3rd period - Stopped by Braden Holtby without a rebound.
13:38 of 3rd period - Maxime Talbot wins face-off versus Tyler Ennis in Islanders zone.
13:45 of 3rd period - Snap shot by Jordan Eberle.
13:45 of 3rd period - Goal by Jordan Eberle - Wild : 6 - Islanders : 8.
13:46 of 3rd period - Alexandre Burrows wins face-off versus Carl Hagelin in neutral zone.
14:43 of 3rd period - Snap shot by Jason Chimera.
14:43 of 3rd period - Stopped by Braden Holtby with a rebound.
14:45 of 3rd period - Slapshot by Luke Schenn.
14:45 of 3rd period - Stopped by Braden Holtby with a rebound.
15:15 of 3rd period - Olli Maatta is hit by Tuomo Ruutu and loses puck.
15:30 of 3rd period - Rob Scuderi is hit by Tuomo Ruutu and loses puck.
16:10 of 3rd period - Snap shot by Marek Zidlicky.
16:10 of 3rd period - Shot Blocked by Rob Scuderi.
16:18 of 3rd period - Slapshot by Jason Zucker.
16:18 of 3rd period - Shot Misses the Net.
16:20 of 3rd period - Slapshot by Chris Neil.
16:20 of 3rd period - Shot Misses the Net.
16:22 of 3rd period - Wrist shot by Jerred Smithson.
16:22 of 3rd period - Stopped by Braden Holtby with a rebound.
16:24 of 3rd period - Wrist shot by Jerred Smithson.
16:24 of 3rd period - Shot Misses the Net.
16:26 of 3rd period - Snap shot by Marek Zidlicky.
16:26 of 3rd period - Deflect By Jerred Smithson.
16:26 of 3rd period - Shot Misses the Net.
16:26 of 3rd period - Puck is out of play.
16:27 of 3rd period - David Krejci wins face-off versus Alexandre Burrows in Islanders zone.
16:36 of 3rd period - Marek Zidlicky is hit by Brandon Bollig and loses puck.
17:29 of 3rd period - Snap shot by Jordan Eberle.
17:29 of 3rd period - Shot Blocked by Kyle Quincey.
17:35 of 3rd period - Dan Boyle is hit by Colton Sceviour and loses puck.
17:42 of 3rd period - Wrist shot by Colton Sceviour.
17:42 of 3rd period - Shot Misses the Net.
17:44 of 3rd period - Slapshot by Craig Adams.
17:44 of 3rd period - Shot Blocked by Cody Franson.
17:46 of 3rd period - Slapshot by Craig Adams.
17:46 of 3rd period - Stopped by Niklas Backstrom with a rebound.
17:48 of 3rd period - Slapshot by Alexander Khokhlachev.
17:48 of 3rd period - Stopped by Niklas Backstrom with a rebound.
18:24 of 3rd period - Slapshot by Tyler Ennis.
18:24 of 3rd period - Shot Misses the Net.
18:26 of 3rd period - Slapshot by Olli Maatta.
18:26 of 3rd period - Shot Hit the Post.
19:31 of 3rd period - Icing by Rob Scuderi.
19:32 of 3rd period - Marcel Goc wins face-off versus Alexandre Burrows in Islanders zone.
Goals for this period are 4 for Wild vs 2 for Islanders.
Shots for this period are 13 for Wild vs 11 for Islanders.


Output by the SimonT Hockey Simulator (STHS) for Eric Dolegowski -- Original Page W3C XHTML 1.0 Valid
Hockey Simulator - Hockey Simulation - Hockey Manager